 Dungeon Crawl Stone Soup version 0.20.1-1-g8b1a95d (webtiles) character file.

924 Linguinho the Magician (level 7, 0/55 HPs)
             Began as a Purple Draconian Earth Elementalist on Oct 31, 2017.
             Was an Initiate of Ashenzari.
             Succumbed to a killer bee's poison
             ... on level 5 of the Dungeon.
             The game lasted 00:20:53 (5941 turns).

Linguinho the Magician (DrEE)                       Turns: 5941, Time: 00:20:53

Health: 0/55       AC:  6    Str: 16    XL:     7   Next: 84%
Magic:  11/17      EV: 12    Int: 16    God:    Ashenzari [......]
Gold:   7          SH:  0    Dex: 12    Spells: 14/20 levels left

rFire    . . .     SeeInvis .   v - +0 halberd
rCold    + . .     Gourm    .   (shield currently unavailable)
rNeg     + . .     Faith    .   (armour unavailable)
rPois    .         Spirit   .   (helmet restricted)
rElec    .         Reflect  .   (no cloak)
rCorr    .         Harm     .   (no gloves)
MR       +....     Clarity  +   (no boots)
Stlth    ++........             (no amulet)
Regen    0.2/turn               h - ring of protection from cold
MPRegen  0.2/turn               g - ring of positive energy

@: mighty, lethally poisoned (0 -> -7), short of breath, very slightly
contaminated
A: breathe power, unfitting armour, stinger 2, blink, clarity, cold-blooded, AC
+6
a: Breathe Dispelling Energy, Blink, Curse Item, Renounce Religion


You were on level 5 of the Dungeon.
You worshipped Ashenzari.
Ashenzari was noncommittal.
You were not hungry.

You visited 2 branches of the dungeon, and saw 7 of its levels.

You collected 115 gold pieces.
You spent 108 gold pieces at shops.

Inventory:

Hand Weapons
 v - a +0 halberd (weapon)
Missiles
 q - 4 tomahawks (quivered)
 s - 12 stones
Jewellery
 g - a ring of positive energy (right hand)
 h - a ring of protection from cold (left hand)
 m - an uncursed ring of protection from cold
Wands
 k - a wand of paralysis (21/24)
 z - a wand of flame (1/48)
 A - a wand of digging (15/24)
Scrolls
 a - 6 scrolls of remove curse
 b - a scroll of fog {unknown}
 f - a scroll of teleportation {unknown}
 j - 2 scrolls of immolation
 l - a scroll of enchant armour {unknown}
 o - a scroll of amnesia {unknown}
 w - 2 scrolls of magic mapping
 y - a scroll of silence {unknown}
 B - a scroll of blinking {unknown}
Potions
 e - a potion of lignification {unknown}
 t - a potion of heal wounds {unknown}
 u - a potion of ambrosia {unknown}
Books
 d - a book of Geomancy

   Spells                             Type                      Level
   a - Sandblast                      Earth                        1
   b - Passwall                       Transmutation/Earth          2
   c - Stone Arrow                    Conjuration/Earth            3
   d - Petrify                        Transmutation/Earth          4
   e - Lee's Rapid Deconstruction     Earth                        5
 n - a book of Minor Magic

   Spells                             Type                      Level
   a - Magic Dart                     Conjuration                  1
   b - Blink                          Translocation                2
   c - Call Imp                       Summoning                    2
   d - Slow                           Hexes                        2
   e - Conjure Flame                  Conjuration/Fire             3
   f - Mephitic Cloud                 Conjuration/Poison/Air       3
Comestibles
 c - 3 bread rations


   Skills:
 + Level 2.0 Fighting
   Level 0.6 Maces & Flails
 + Level 1.9 Polearms
 - Level 1.9 Dodging
 - Level 1.8 Stealth
 * Level 7.4 Spellcasting
 + Level 1.6 Conjurations
 + Level 0.4 Translocations
 + Level 1.0 Transmutations
 + Level 5.4 Earth Magic
 * Level 1.3 Evocations


You had 14 spell levels left.
You knew the following spells:

 Your Spells              Type           Power        Failure   Level  Hunger
a - Sandblast             Erth           ###...       1%          1    None
b - Magic Dart            Conj           ##..         6%          1    None
c - Blink                 Tloc           N/A          16%         2    None
d - Passwall              Tmut/Erth      ###.......   4%          2    None


Dungeon Overview and Level Annotations

Branches:
Dungeon (6/15)             Temple (1/1) D:4

Altars:
Ashenzari
Cheibriados
Dithmenos
Fedhas
Gozag
Kikubaaqudgha
Makhleb
Okawaru
Qazlal
Ru
Sif Muna
Vehumet
Xom
Yredelemnul
Zin

Shops:
D:4 *   D:5 =(

Annotations:
D:5 Edmund


Innate Abilities, Weirdness & Mutations

You can breathe bolts of dispelling energy.
Your rich purple scales are hard. (AC +6)
You cannot fit into any form of body armour.
You are cold-blooded and may be slowed by cold attacks.
Your tail ends in a sharp poisonous barb.
You can translocate small distances at will.
You possess an exceptional clarity of mind.


Message History

The killer bee poisons you!
Casting: Blink
Confirm with . or Enter, or press ? or * to list all spells.
You blink.
You feel sick. The killer bee barely misses you.
You feel sick. The killer bee stings you.
* * * LOW HITPOINT WARNING * * *
The killer bee misses you.
You miss the killer bee.
You feel sick. The killer bee barely misses you.
The killer bee stings you but does no damage.
The killer bee stings you.
* * * LOW HITPOINT WARNING * * *
The killer bee stings you.
* * * LOW HITPOINT WARNING * * *
The killer bee misses you. The killer bee stings you.
* * * LOW HITPOINT WARNING * * *
You are more poisoned.
The killer bee poisons you!
It was a potion of might.
You feel very mighty all of a sudden.
You die... .....#........# .....#........# .....#........# ######........##### ........###+#...>.# ........# +..)).# ...@....# #..)y.# ...Z<...# #.yyyy+

........#####)##@##
.####'###....##...#
.#......#....#.._..#
.'......#....#.8.8.#
.#......+...g###+###
.#....###...[# ###
##....#####'## #.#
......
.............# #.#
......
.............# #.#
......


You could see 5 killer bees.

Vanquished Creatures
  A hippogriff (D:4)
  A sky beast (D:4)
  A phantom (D:4)
  An ogre (D:4)
  A scorpion (D:5)
  2 crimson imps
  An orc priest (D:5)
  A jelly (D:5)
  2 worker ants (D:5)
  A hound skeleton (D:5)
  A worker ant zombie (D:5)
  4 adders (D:2)
  10 gnolls
  2 worms
  4 dart slugs
  2 leopard geckos
  4 orcs
  4 giant cockroaches
  7 goblins
  6 hobgoblins
  11 jackals
  A quokka (D:5)
  5 bats
  4 frilled lizards
  5 kobolds
  7 rats
89 creatures vanquished.

Notes
Turn   | Place    | Note
-------+----------+-------------------------------------------
     0 | D:1      | Linguinho the Draconian Earth Elementalist began the quest for the Orb.
     0 | D:1      | Reached XP level 1. HP: 14/14 MP: 3/3
   271 | D:1      | Reached XP level 2. HP: 16/20 MP: 1/5
   973 | D:2      | Reached XP level 3. HP: 18/26 MP: 5/7
  1424 | D:2      | Reached skill level 3 in Spellcasting
  1598 | D:2      | Reached XP level 4. HP: 33/33 MP: 8/8
  1925 | D:2      | Learned a level 1 spell: Magic Dart
  1928 | D:2      | Learned a level 2 spell: Blink
  1931 | D:2      | Learned a level 2 spell: Passwall
  2304 | D:3      | Reached XP level 5. HP: 27/39 MP: 1/10
  3122 | D:4      | Found a staircase to the Ecumenical Temple.
  3258 | Temple   | Entered the Ecumenical Temple
  3374 | Temple   | Became a worshipper of Ashenzari the Shackled
  3446 | D:4      | Noticed an ogre
  3487 | D:4      | Killed an ogre
  3487 | D:4      | Reached skill level 1 in Fighting
  3487 | D:4      | Reached skill level 4 in Spellcasting
  3503 | D:4      | Noticed a phantom
  3513 | D:4      | Killed a phantom
  3513 | D:4      | Reached skill level 1 in Polearms
  3513 | D:4      | Reached skill level 1 in Conjurations
  3513 | D:4      | Reached XP level 6. HP: 43/47 MP: 2/12
  3622 | D:4      | Noticed a hippogriff
  3633 | D:4      | Killed a hippogriff
  3633 | D:4      | Reached skill level 5 in Spellcasting
  3633 | D:4      | Reached skill level 5 in Earth Magic
  3839 | D:4      | Found a glowing silver altar of Zin.
  3842 | D:4      | Found a shadowy altar of Dithmenos.
  3842 | D:4      | Found a blossoming altar of Fedhas.
  3842 | D:4      | Found a shimmering altar of Xom.
  3896 | D:4      | Found Bued Cep's Assorted Antiques.
  3910 | D:4      | Bought a scroll labeled YNUCZU VEAQITI for 27 gold pieces
  3910 | D:4      | Bought a scroll of remove curse for 81 gold pieces
  4085 | D:4      | Found a radiant altar of Vehumet.
  4085 | D:4      | Found a burning altar of Makhleb.
  4091 | D:4      | Your scales start taking on a rich purple colour.
  4091 | D:4      | Reached skill level 6 in Spellcasting
  4091 | D:4      | Reached XP level 7. HP: 52/53 MP: 9/16
  4290 | D:5      | Entered Level 5 of the Dungeon
  4290 | D:5      | Found Iziamoboqa's Weapon Shop.
  4612 | D:5      | Gained mutation: Potions are less effective at restoring your health. [potion of mutation]
  4612 | D:5      | Gained mutation: Your tail ends in a poisonous barb. [potion of mutation]
  4612 | D:5      | Gained mutation: Your tail ends in a sharp poisonous barb. [potion of mutation]
  4613 | D:5      | Lost mutation: Potions are less effective at restoring your health. [potion of mutation]
  4613 | D:5      | Lost mutation: Your tail ends in a sharp poisonous barb. [potion of mutation]
  4613 | D:5      | Gained mutation: You are robust. (+10% HP) [potion of mutation]
  4613 | D:5      | Gained mutation: You have a pair of small horns on your head. [potion of mutation]
  4613 | D:5      | Gained mutation: Your spells are a little harder to cast, but a little more powerful. [potion of mutation]
  4614 | D:5      | Lost mutation: You are robust. (+10% HP) [potion of mutation]
  4614 | D:5      | Lost mutation: Your spells are a little harder to cast, but a little more powerful. [potion of mutation]
  4614 | D:5      | Lost mutation: You have a pair of small horns on your head. [potion of mutation]
  4614 | D:5      | Lost mutation: Your tail ends in a poisonous barb. [potion of mutation]
  4614 | D:5      | Gained mutation: You possess an exceptional clarity of mind. [potion of mutation]
  4614 | D:5      | Gained mutation: Your tail ends in a poisonous barb. [potion of mutation]
  4614 | D:5      | Gained mutation: Your tail ends in a sharp poisonous barb. [potion of mutation]
  4614 | D:5      | Gained mutation: You can translocate small distances at will. [potion of mutation]
  4621 | D:5      | Found Beytutirr's Jewellery Shop.
  4672 | D:5      | Noticed Edmund
  4684 | D:5      | Reached skill level 1 in Evocations
  5071 | D:4      | HP: 2/53 [something (6)]
  5383 | D:4      | Reached skill level 7 in Spellcasting
  5539 | D:5      | Found a deep blue altar of Sif Muna.
  5940 | D:5      | HP: 1/55 [killer bee (6)]
  5941 | D:5      | Succumbed to a killer bee's poison

Skill      XL: |  1  2  3  4  5  6  7 |
---------------+----------------------+-----
Spellcasting   | 3 4 6 7 |  7.4
Earth Magic    | 4 5 |  5.4
Fighting       | 1 2 |  2.0
Polearms       | 1 |  1.9
Conjurations   | 1 |  1.6
Evocations     | 1 |  1.3
Maces & Flails | |  0.6
Dodging        | |  1.9
Stealth        | |  1.8
Translocations | |  0.4
Transmutations | |  1.0

Action                   |  1- 3 |  4- 6 |  7- 9 || total
-------------------------+-------+-------+-------++-------
Melee: Unarmed           |     9 |       |       ||     9
       Tailslap          |     4 |     5 |     4 ||    13
       Club              |    53 |    61 |       ||   114
       Halberd           |       |    11 |    51 ||    62
Throw: Tomahawk          |       |     6 |       ||     6
 Cast: Sandblast         |    46 |    32 |    31 ||   109
       Magic Dart        |       |    12 |    41 ||    53
       Blink             |       |       |     8 ||     8
 Abil: Breathe Dispellin |       |       |     8 ||     8
  Use: Scroll            |       |     3 |     2 ||     5
       Potion            |       |       |     6 ||     6
 Stab: Sleeping          |     1 |       |     1 ||     2
  Eat: Chunk             |     3 |     5 |     4 ||    12
       Royal jelly       |       |     1 |       ||     1
       Bread ration      |       |       |     1 ||     1
Armor: Skin              |    32 |    26 |    38 ||    96
Dodge: Dodged            |    80 |    61 |    85 ||   226
